 Dungeon Crawl Stone Soup version 0.30-a0-1160-g6e42c06551 (webtiles) character file.

Game seed: 16535929707108875029

840 Jase the Shield-Bearer (level 8, -10/58 HPs)
             Began as a Formicid Fighter on Apr 26, 2023.
             Was a Follower of Uskayaw.
             Mangled by Maggie
             ... wielding a +2 heavy scimitar
              (19 damage)
             ... on level 6 of the Dungeon.
             The game lasted 00:09:40 (4180 turns).

Jase the Shield-Bearer (Formicid Fighter)           Turns: 4180, Time: 00:09:41

Health: -10/58     AC: 14    Str: 24    XL:     8   Next: 19%
Magic:  11/11      EV:  6    Int:  7    God:    Uskayaw [*.....]
Gold:   329        SH: 10    Dex: 13    Spells: 7/7 levels left

rFire   . . .        a - +0 war axe
rCold   . . .        z - +0 kite shield
rNeg    . . .        e - +0 plate armour
rPois   +            (helmet unavailable)
rElec   .            w - +0 cloak
rCorr   .            (no gloves)
SInv    +            B - +0 pair of boots
Will    .....        v - amulet of faith Stlth
                     C - ring of poison resistance
HPRegen 0.29/turn    (no ring)
MPRegen 0.12/turn

%: faith
@: mighty, mesmerised
A: permanent stasis, dig shafts and tunnels, antennae 3, four strong arms
a: Dig, Shaft Self, Renounce Religion, Stomp


You were on level 6 of the Dungeon.
You worshipped Uskayaw.
Uskayaw was noncommittal.
You visited 1 branch of the dungeon, and saw 6 of its levels.

You collected 329 gold pieces.

Inventory:

Hand Weapons
 a - a +0 war axe (weapon)
 b - a +0 sling
Missiles
 c - 4 atropa-tipped darts
 r - 4 poisoned darts
 t - 4 datura-tipped darts
Armour
 e - a +0 plate armour (worn)
 w - a +0 cloak (worn)
 z - a +0 kite shield (worn)
 B - a +0 pair of boots (worn)
Jewellery
 v - an amulet of faith (around neck)
 C - a ring of poison resistance (left hand)
Wands
 g - a wand of iceblast (3)
 y - a wand of flame (11)
Scrolls
 f - a scroll of magic mapping {unknown}
 i - 6 scrolls of identify {unknown}
 j - 6 scrolls of teleportation {unknown}
 k - a scroll of fear {unknown}
 m - 4 scrolls of vulnerability {unknown}
 p - a scroll of enchant armour {unknown}
 q - a scroll of fog {unknown}
 u - 6 scrolls of amnesia {unknown}
 A - a scroll of noise {unknown}
Potions
 h - 4 potions of curing {unknown}
 l - a potion of flight {unknown}
 n - a potion of haste {unknown}
 o - a potion of resistance {unknown}
 s - 2 potions of brilliance {unknown}
 x - 2 potions of mutation {unknown}


   Skills:
 - Level 3.2 Fighting
 * Level 5.7 Axes
 + Level 5.4 Armour
 + Level 6.5 Shields
 + Level 4.1 Invocations


You had 7 spell levels left.
You didn't know any spells.
Your spell library contained the following spells:

 Spells                   Type           Power      Damage    Failure   Level
 Gell's Gravitas          Tloc           0%         N/A       100%        3
 Ozocubu's Armour         Ice            0%         N/A       100%        3
 Teleport Other           Tloc           0%         N/A       100%        3
 Dispersal                Tloc           0%         N/A       100%        6
 Ozocubu's Refrigeration  Ice            0%         4d7       100%        7


Dungeon Overview and Level Annotations

Branches:
Dungeon (6/15)             Temple (0/1) D:4

Altars:
Cheibriados
Kikubaaqudgha
Qazlal
Ru
Uskayaw
Zin

Annotations:
D:4 2 transporters, ragingrage's ghost, novice NaHu
D:6 Maggie


Innate Abilities, Weirdness & Mutations

You cannot be hasted, slowed, berserked, paralysed or teleported.
You can dig through walls and to a lower floor.
You have a pair of large antennae on your head. (SInv)
Your four strong arms can wield two-handed weapons with a shield.


Message History

You closely miss the iguana.
The iguana is heavily wounded.
The iguana bites you. You block the iguana's attack.
You hit the iguana but do no damage.
The iguana is heavily wounded.
You block the iguana's attack.
You closely miss the iguana.
The iguana is heavily wounded.
The iguana bites you.
You hit the iguana.
The iguana is almost dead.
The iguana barely misses you.
The iguana bites you but does no damage.
You slash the iguana!
You kill the iguana!
No target in view!
HP restored.
Found a ring mail.
Found a stone staircase leading up.
Maggie the Vainglorious comes into view.
She is wielding a +2 heavy scimitar.
Maggie shouts!
You hear a shout!
Maggie moves out of view.
Maggie casts a spell at you. The bolt of fire hits you!!
An ogre comes into view. It is wielding a +0 giant club.
Maggie gestures wildly while chanting.
Maggie attempts to bespell you!
You are mesmerised by Maggie!
Found a scroll labelled ROMAEM GIWAESCH.
You block Maggie's attack.
You closely miss Maggie.
Maggie hits you with a +2 heavy scimitar!
You feel very mighty all of a sudden.
You slash Maggie!
Maggie is moderately wounded.
Maggie hits you with a +2 heavy scimitar!!
* * * LOW HITPOINT WARNING * * *
You hit Maggie.
Maggie is moderately wounded.
Maggie hits you with a +2 heavy scimitar!!
You die...

.. .. #.## ##. #... <..
#..# #.# #..# # #.# #..#
?.. ####.########..#
.....#..............#
#.....@..#######...#
##..#@##...........#
##.[O.....#####.#.#
#..#.##.#.#####.#.####
#..... ................
..........#######.######
######.......<....#
##############


You could see Maggie (mesmerising) and an ogre.

Vanquished Creatures
  An ice beast (D:5)
  A centaur (D:5)
  A phantom (D:5)
  2 scorpions
  A howler monkey (D:4)
  2 hounds (D:4)
  An orc priest (D:5)
  3 iguanas
  2 orc wizards
  A mummy (D:3)
  9 adders
  A shadow imp (D:5)
  A worm (D:3)
  A dart slug (D:2)
  14 orcs
  10 ball pythons
  4 bats
  8 endoplasms
  A giant cockroach (D:4)
  9 goblins
  13 hobgoblins
  5 jackals
  8 kobolds
  9 quokkas
  A frilled lizard (D:3)
  6 rats
115 creatures vanquished.

Notes
Turn   | Place    | Note
-------+----------+-------------------------------------------
     0 | D:1      | Jase the Formicid Fighter began the quest for the Orb.
     0 | D:1      | Reached XP level 1. HP: 18/18 MP: 1/1
   118 | D:1      | Reached XP level 2. HP: 24/24 MP: 2/2
   140 | D:1      | Found a faded altar of an unknown god.
   185 | D:1      | Prayed at the altar of an unknown god.
   185 | D:1      | Became a worshipper of Uskayaw the Reveller
   185 | D:1      | Reached * piety under Uskayaw
   219 | D:1      | Reached ** piety under Uskayaw
   224 | D:1      | Reached XP level 3. HP: 18/29 MP: 0/3
   224 | D:1      | Reached *** piety under Uskayaw
   787 | D:2      | Reached skill level 1 in Invocations
   794 | D:2      | Reached XP level 4. HP: 29/35 MP: 4/4
   847 | D:2      | You fall into a shaft and drop 2 floors!
   905 | D:4      | Noticed a scorpion
   916 | D:4      | Killed a scorpion
   917 | D:4      | Reached XP level 5. HP: 35/41 MP: 3/6
  1079 | D:4      | Reached skill level 5 in Shields
  1211 | D:4      | Reached XP level 6. HP: 47/47 MP: 7/7
  1297 | D:2      | Found a stormy altar of Qazlal.
  2015 | D:3      | Found a snail-covered altar of Cheibriados.
  2176 | D:3      | Found a sacrificial altar of Ru.
  2878 | D:4      | Found a transporter.
  2911 | D:4      | Noticed ragingrage's ghost (novice NaHu)
  2914 | D:4      | Identified the +5 dire flail of Yredelemnul, Shouting
                  | {heavy, *Rage rN+++ Str-5 SInv}
  2914 | D:4      | Noticed an ogre
  2916 | D:4      | Found a transporter.
  2927 | D:4      | Found a staircase to the Ecumenical Temple.
  2936 | D:4      | Reached XP level 7. HP: 52/52 MP: 9/9
  3114 | D:5      | Entered Level 5 of the Dungeon
  3124 | D:5      | Found an ancient bone altar of Kikubaaqudgha.
  3503 | D:5      | Reached skill level 5 in Axes
  3538 | D:5      | Reached skill level 6 in Shields
  3543 | D:5      | Reached **** piety under Uskayaw
  3547 | D:5      | Reached skill level 5 in Armour
  3755 | D:5      | Reached XP level 8. HP: 49/58 MP: 9/11
  3844 | D:5      | Found a glowing silver altar of Zin.
  4169 | D:6      | Noticed Maggie
  4180 | D:6      | Mangled by Maggie

Illustrated notes

Levels and vault maps discovered:
D:1:      matt_arrival_los_fun, layout_basic, ebering_ecumenical_altar_hall
D:2:      layout_loops_ring, basic_altar
D:3:      layout_basic, slow_altar_2, nicolae_overflow_crystal_walls,
          st_stairs_10
D:4:      layout_loops_corners, minmay_temple_entry_butterflies,
          gammafunk_ghost_smash
D:5:      layout_cave_pods, mainiacjoe_overflow_24_doors, kennysheep_mini_moat
D:6:      layout_loops_ring, xom_butterflies, ashenzari_conservatory_becter,
          serial_shops, shop, uniq_menkaure, uniq_maggie,
          uniq_crazy_yiuf_cottage

Skill      XL: |  1  2  3  4  5  6  7 |
---------------+----------------------+-----
Axes           | 3 4 5 |  5.7
Invocations    | 1 2 3 4 |  4.1
Armour         | 4 5 |  5.4
Shields        | 5 6 |  6.5
Fighting       | |  3.2

Action                     |  1- 3 |  4- 6 |  7- 9 || total
---------------------------+-------+-------+-------++-------
  Melee: War axe           |    66 |   177 |   100 ||   343
   Fire: Sling             |       |     2 |       ||     2
 Invoke: Line Pass         |       |     1 |       ||     1
    Use: Potion            |       |       |     1 ||     1
   Stab: Paralysed         |     1 |     2 |     2 ||     5
 Armour: Plate armour      |    51 |   103 |    69 ||   223
  Dodge: Dodged            |    18 |    55 |    26 ||    99
  Block: Buckler           |    25 |    35 |       ||    60
         Kite shield       |       |    15 |    50 ||    65

Table legend: (Time is in decaauts)
 A = Elapsed time spent in this place.
 B = Non-inter-level travel time spent in this place.
 C = Inter-level travel time spent in this place.
 D = Time resting spent in this place.
 E = Time spent auto-exploring this place.
 F = Levels seen in this place.
 G = Mean time per level.
                   A        B        C        D        E       F      G
               +--------+--------+--------+--------+--------+-----+--------+
         Total |   4300 |   4142 |    158 |    323 |   2844 |   6 |  716.7 |
       Dungeon |   4300 |   4142 |    158 |    323 |   2844 |   6 |  716.7 |
               +--------+--------+--------+--------+--------+-----+--------+

Top non-repeatable levels by time:
     D:4: 1045 daAuts
     D:5: 1012 daAuts
     D:2: 830 daAuts
     D:1: 751 daAuts
     D:3: 573 daAuts
     D:6: 87 daAuts
